 Dungeon Crawl Stone Soup version 0.25-a0-413-g3b4b6a4ccc (webtiles) character file.

Game seed: 8273150470343299257, levelgen mode: deterministic

0 MrRokkomies the Ducker (level 1, -6/11 HPs)
             Began as a Spriggan Abyssal Knight on Jan 17, 2020.
             Was a Follower of Lugonu.
             Mangled by an orange demon (12 damage)
             ... on level 3 of the Abyss.
             The game lasted 00:00:18 (131 turns).

MrRokkomies the Ducker (Spriggan Abyssal Knight)     Turns: 131, Time: 00:00:19

Health: -6/11      AC:  2    Str:  8    XL:     1   Next: 0%
Magic:  3/3        EV: 18    Int: 13    God:    Lugonu [*.....]
Gold:   17         SH:  0    Dex: 15    Spells: 0/0 levels left

rFire    . . .     SeeInvis +   a - +1 short sword
rCold    . . .     Gourm    .   (shield restricted)
rNeg     . . .     Faith    .   b - +0 robe
rPois    .         Spirit   .   (helmet restricted)
rElec    .         Reflect  .   (no cloak)
rCorr    .         Harm     .   (gloves unavailable)
MR       .....                  (boots unavailable)
Stlth    +.........             (no amulet)
HPRegen  0.03/turn              (no ring)
MPRegen  0.08/turn              (no ring)

@: lethally poisoned (-6 -> -30), very quick
A: very small, unfitting armour, see invisible, herbivore, speed 3, slow
metabolism 2
a: Depart the Abyss, Renounce Religion


You were on level 3 of the Abyss.
You worshipped Lugonu.
Lugonu was aware of your devotion.
You were not hungry.

You visited 0 branches of the dungeon, and saw 0 of its levels.
You visited the Abyss 1 time.

You collected 17 gold pieces.

Inventory:

Hand Weapons
 a - a +1 short sword (weapon)
Armour
 b - a +0 robe (worn)
Scrolls
 d - a scroll of remove curse {unknown}
Potions
 e - a potion of invisibility {unknown}
Comestibles
 c - a ration


   Skills:
 + Level 2.4 Fighting
 + Level 2.1 Short Blades
 + Level 3.5 Dodging
 + Level 1.7 Invocations


You couldn't memorise any spells.
You didn't know any spells.
Your spell library was empty.

Dungeon Overview and Level Annotations

Branches:
Dungeon (0/15)

Altars:


Innate Abilities, Weirdness & Mutations

You are very small and have problems with some larger weapons.
You are too small for most types of armour.
You have supernaturally acute eyesight. (SInv)
You are a herbivore.
You cover ground extremely quickly.
You need to consume almost no food.


Message History

e - a fuming red potion A sixfirhy comes into view.
The sixfirhy moves out of view.
There is a gateway leading deeper into the Abyss here.
You plunge deeper into the Abyss.
The abyssal rune of Zot can be found at this depth.
You now have 17 gold pieces.
A small abomination comes into view.
A tentacled starspawn comes into view.
An orange demon comes into view.
The orange demon screeches!
Tentacles burst from the starspawn's body! 2 starspawn tentacles come into view.
A large abomination comes into view.
The orange demon stings you from afar.
You are lethally poisoned!
The orange demon poisons you!
You feel sick. The orange demon stings you from afar!
Ouch! That really hurt!
You die...

#.# #.#...# ..
#.≈≈.# .#.##
##..#.# #..
###.X#§##
#....#...##.#
............#
.##...###...## .
##.....#.....#....
#......X..@.......
.......#4..##.#..#
#..#..#.... .# .#
#....###....# .
#.# .#.... .#
#.###..# .# #.# ..
..


You could see a tentacled starspawn, an orange demon and a large abomination.

Vanquished Creatures (others)
  2 starspawn tentacles (Abyss:3)
2 creatures vanquished.

Notes
Turn   | Place    | Note
-------+----------+-------------------------------------------
     0 | Abyss:1  | MrRokkomies the Spriggan Abyssal Knight began the quest for
                  | the Orb.
     0 | Abyss:1  | Reached XP level 1. HP: 11/11 MP: 3/3
    79 | Abyss:2  | Noticed a sixfirhy
   123 | Abyss:3  | Noticed a small abomination
   124 | Abyss:3  | Noticed a tentacled starspawn
   128 | Abyss:3  | Noticed an orange demon
   129 | Abyss:3  | Noticed a large abomination
   131 | Abyss:3  | Mangled by an orange demon

Levels and vault maps discovered:
Abyss:3:  evilmike_abyss_exit_2, hangedman_stitches_earthworm,
          evilmike_abyss_exit_mutagenic, minivault_11,
          bh_abyss_xom_lugonu_altar, hangedman_abyss_overflow_altar,
          evilmike_nicolae_abyss_rune_containment_curve

Table legend:
 A = Non-vault XP
 B = Vault XP
 C = Vault XP percentage of total XP
 D = Non-vault monster count
 E = Vault monster count
 F = Vault count percentage of total count
                 A         B        C        D         E       F
            +---------+---------+-------+---------+---------+-------
      Total |       0 |       0 |   N/A |       0 |       0 |  -nan
            +---------+---------+-------+---------+---------+-------
            +---------+---------+-------+---------+---------+-------
